NCAA
VILLANOVA WILDCATS @ SOUTH CAROLINA GAMECOCKS
05/02/2023
 
TOP OF THE 1ST
Villanova Wildcats batting - Pitching for South Carolina Gamecocks : LHP Robert Carpenter
Pitching: LHP Robert Carpenter
Batting: RHB Tomás Carranza 0-0: Swinging Strike
0-1: Ball
1-1: Swinging Strike
1-2: Ground out 5-3 (Groundball, 56)
Batting: RHB Leonardo Williams 0-0: Ball
1-0: Called Strike
1-1: Ball
2-1: Called Strike
2-2: Ball
3-2: Base on Balls
Batting: RHB Ben Hall 0-0: Ground out 5-3 (Groundball, 15S)
Leonardo Williams to second
Batting: RHB Keith Walker 0-0: Reached on Error, E5 (Line Drive, 5)
Leonardo Williams to third
Batting: RHB Gunner Allen 0-0: Called Strike
0-1: SINGLE (Line Drive, 56D)
Leonardo Williams scores
Keith Walker to second
Batting: RHB Ken Craft 0-0: Swinging Strike
0-1: Called Strike
0-2: SINGLE (Groundball, 6M)
Keith Walker to third
Gunner Allen to second
Runner from 3rd tries for Home, SAFE, no throw or cutoff
Batting: LHB Al Bartlett 0-0: Called Strike
0-1: Ground out 5-3 (Groundball, 5)
Top of the 1st over - 2 run(s), 2 hit(s), 1 error(s), 2 left on base; Villanova 2 - South Carolina 0
BOTTOM OF THE 1ST
South Carolina Gamecocks batting - Pitching for Villanova Wildcats : LHP Glenn Fox
Pitching: LHP Glenn Fox
Batting: RHB Josh Baker 0-0: Ball
1-0: Ball
2-0: Ball
3-0: DOUBLE (Line Drive, 5L)
Batting: RHB Doug O'Brien 0-0: Called Strike
0-1: Swinging Strike
0-2: Ball
1-2: Ball
Passed Ball!
Josh Baker to third
2-2: Ball
3-2: Reached on error, E6 (Groundball, 6)
Josh Baker scores
Batting: RHB Junior Adams 0-0: Called Strike
0-1: Ball
1-1: Ball
2-1: Foul Ball, location: 2F
2-2: Strikes out looking
Batting: RHB Ron Glass 0-0: Ball
1-0: Ball
2-0: Foul Ball, location: 2F
2-1: Foul Ball, location: 2F
2-2: DOUBLE (Line Drive, 7LS)
Doug O'Brien to third
Batting: RHB John Díaz 0-0: Swinging Strike
0-1: Foul Ball, location: 2F
0-2: Foul Ball, location: 2F
0-2: Ball
1-2: Ball
2-2: Ball
3-2: Strikes out swinging
Batting: LHB Josh Pérez 0-0: Swinging Strike
0-1: Foul Ball, location: 2F
0-2: Strikes out swinging
Bottom of the 1st over - 1 run(s), 2 hit(s), 1 error(s), 2 left on base; Villanova 2 - South Carolina 1
TOP OF THE 2ND
Villanova Wildcats batting - Pitching for South Carolina Gamecocks : LHP Robert Carpenter
Batting: SHB Harry Goff 0-0: Swinging Strike
0-1: Swinging Strike
0-2: Strikes out looking
Batting: RHB Mark Hess 0-0: Ball
1-0: Swinging Strike
1-1: Called Strike
1-2: Strikes out swinging
Batting: RHB Tomás Carranza 0-0: SINGLE (Groundball, 4MD)
Batting: RHB Leonardo Williams 0-0: Ball
1-0: Ball
Tomás Carranza steals 2nd base
2-0: Foul Ball, location: 2F
2-1: Ball
3-1: Foul Ball, location: 2F
3-2: Strikes out swinging
Top of the 2nd over - 0 run(s), 1 hit(s), 0 error(s), 1 left on base; Villanova 2 - South Carolina 1
BOTTOM OF THE 2ND
South Carolina Gamecocks batting - Pitching for Villanova Wildcats : LHP Glenn Fox
Batting: RHB Shawn Gutiérrez 0-0: Ball
1-0: Swinging Strike
1-1: Fly out, F3 (Popup, 3S)
Batting: RHB Carl Johnston 0-0: Foul Ball, location: 2F
0-1: Called Strike
0-2: Ball
1-2: Fly out, F8 (Flyball, 78XD)
Batting: RHB José Zúñiga 0-0: Ball
1-0: Ball
2-0: Foul Ball, location: 2F
2-1: Fly out, F8 (Flyball, 8LM)
Bottom of the 2nd over - 0 run(s), 0 hit(s), 0 error(s), 0 left on base; Villanova 2 - South Carolina 1
TOP OF THE 3RD
Villanova Wildcats batting - Pitching for South Carolina Gamecocks : LHP Robert Carpenter
Batting: RHB Ben Hall 0-0: Swinging Strike
0-1: Called Strike
0-2: Strikes out swinging
Batting: RHB Keith Walker 0-0: Fly out, F5 (Line Drive, 5S)
Batting: RHB Gunner Allen 0-0: Swinging Strike
0-1: SINGLE (Groundball, 56)
Batting: RHB Ken Craft 0-0: Ball
1-0: Reached on error, E6 (Groundball, 6)
Gunner Allen to third
Batting: LHB Al Bartlett 0-0: Ball
1-0: Called Strike
1-1: Ball
2-1: Called Strike
2-2: Foul Ball, location: 2F
2-2: Strikes out looking
Top of the 3rd over - 0 run(s), 1 hit(s), 1 error(s), 2 left on base; Villanova 2 - South Carolina 1
BOTTOM OF THE 3RD
South Carolina Gamecocks batting - Pitching for Villanova Wildcats : LHP Glenn Fox
Batting: RHB Josh Baker 0-0: Called Strike
0-1: Ground out 6-3 (Groundball, 6)
Batting: RHB Doug O'Brien 0-0: Swinging Strike
0-1: Ball
1-1: Ball
2-1: Ground out 6-3 (Groundball, 6S)
Batting: RHB Junior Adams 0-0: Ball
1-0: Ball
2-0: Called Strike
2-1: Foul Ball, location: 2F
2-2: Ball
3-2: SINGLE (Flyball, 89M)
Batting: RHB Ron Glass 0-0: Called Strike
0-1: Ball
1-1: Foul Ball, location: 2F
1-2: Strikes out swinging
Bottom of the 3rd over - 0 run(s), 1 hit(s), 0 error(s), 1 left on base; Villanova 2 - South Carolina 1
TOP OF THE 4TH
Villanova Wildcats batting - Pitching for South Carolina Gamecocks : LHP Robert Carpenter
Batting: SHB Harry Goff 0-0: Ball
1-0: Called Strike
1-1: Swinging Strike
1-2: Ball
2-2: Foul Ball, location: 2F
2-2: Strikes out swinging
Batting: RHB Mark Hess 0-0: DOUBLE (Line Drive, 78M)
Batting: RHB Tomás Carranza 0-0: Ball
1-0: Swinging Strike
1-1: Ball
2-1: Foul Ball, location: 2F
2-2: DOUBLE (Flyball, 7M)
Mark Hess scores
Batting: RHB Leonardo Williams 0-0: Called Strike
0-1: Ball
1-1: Reached on error, E4 (Groundball, 4)
Tomás Carranza to third
Batting: RHB Ben Hall 0-0: Ball
1-0: Called Strike
1-1: Ball
2-1: Ball
3-1: Base on Balls
Leonardo Williams to second
Batting: RHB Keith Walker 0-0: Ball
1-0: Ball
2-0: Ball
3-0: Called Strike
3-1: Foul Ball, location: 2F
3-2: Hit by Pitch
Tomás Carranza scores
Leonardo Williams to third
Ben Hall to second
Batting: RHB Gunner Allen 0-0: Ball
1-0: Called Strike
1-1: Ball
2-1: SINGLE (Groundball, 56D) (infield hit)
Leonardo Williams scores
Ben Hall to third
Keith Walker to second
Batting: RHB Ken Craft 0-0: Fly out, F5 (Popup, 25)
Batting: LHB Al Bartlett 0-0: Ball
1-0: Ball
2-0: SINGLE (Popup, 78S)
Ben Hall scores
Keith Walker to third
Gunner Allen to second
Runner from 3rd tries for Home, SAFE, no throw or cutoff
Pitching: LHP Dave Frank
Batting: SHB Harry Goff 0-0: SINGLE (Line Drive, 7LS)
Gunner Allen to third
Al Bartlett to second
Runner from 3rd tries for Home, SAFE, no throw or cutoff
Batting: RHB Mark Hess 0-0: Ball
1-0: Fielders Choice at 2nd, U4 (Groundball, 4M)
Top of the 4th over - 6 run(s), 5 hit(s), 1 error(s), 2 left on base; Villanova 8 - South Carolina 1
BOTTOM OF THE 4TH
South Carolina Gamecocks batting - Pitching for Villanova Wildcats : LHP Glenn Fox
Batting: RHB John Díaz 0-0: Called Strike
0-1: Swinging Strike
0-2: Ball
1-2: SOLO HOME RUN (Flyball, 7D), Distance : 342 ft
Batting: LHB Josh Pérez 0-0: Hit by Pitch
Pitching: RHP Miguel Guevara
Pinch Runner at 1st Will Jones:
Batting: RHB Shawn Gutiérrez 0-0: Ball
Will Jones steals 2nd base
1-0: Swinging Strike
1-1: Called Strike
1-2: Foul Ball, location: 2F
1-2: Ball
2-2: Foul Ball, location: 2F
2-2: Strikes out swinging
Batting: RHB Carl Johnston 0-0: Ball
1-0: Ball
2-0: Ball
3-0: Called Strike
3-1: Base on Balls
Batting: RHB José Zúñiga 0-0: Ball
Will Jones steals 3rd base
Carl Johnston to second
1-0: Called Strike
1-1: Ball
2-1: Swinging Strike
2-2: Ball
3-2: Foul Ball, location: 2F
3-2: SINGLE (Flyball, 89S)
Will Jones scores
Carl Johnston to third
Runner from 3rd tries for Home, SAFE, throw made home
Batting: RHB Josh Baker 0-0: Ball
1-0: Ball
2-0: Swinging Strike
2-1: Fly out, F9 (Line Drive, 89M)
Batting: RHB Doug O'Brien 0-0: Ball
1-0: Foul Ball, location: 2F
1-1: Called Strike
1-2: Ball
2-2: Ball
3-2: Foul Ball, location: 2F
3-2: Base on Balls
José Zúñiga to second
Batting: RHB Junior Adams 0-0: DOUBLE (Line Drive, 78XD)
José Zúñiga scores
Doug O'Brien to third
Runner from 3rd tries for Home, SAFE, no throw or cutoff
Batting: RHB Ron Glass 0-0: Ball
1-0: Ground out 6-3 (Groundball, 6M)
Bottom of the 4th over - 5 run(s), 3 hit(s), 0 error(s), 1 left on base; Villanova 8 - South Carolina 6
TOP OF THE 5TH
Villanova Wildcats batting - Pitching for South Carolina Gamecocks : LHP Dave Frank
Now in CF: Will Jones
Batting: RHB Tomás Carranza 0-0: Ball
1-0: Called Strike
1-1: Foul Ball, location: 2F
1-2: Ground out U3 (Groundball, 3L)
Batting: RHB Leonardo Williams 0-0: Reached on Error, E9 (Line Drive, 9M)
Batting: RHB Ben Hall 0-0: Ball
1-0: Ball
2-0: Ball
3-0: Called Strike
3-1: Base on Balls
Leonardo Williams to second
Batting: RHB Keith Walker 0-0: Called Strike
0-1: Called Strike
0-2: Ball
1-2: Ball
2-2: Foul Ball, location: 2F
2-2: Ball
3-2: Base on Balls
Leonardo Williams to third
Ben Hall to second
Batting: RHB Gunner Allen 0-0: Ball
1-0: Ball
2-0: Called Strike
2-1: Fielders Choice at 2nd, 5-4 (Groundball, 56)
Leonardo Williams scores
Ben Hall to third
Batting: RHB Ken Craft 0-0: Ball
1-0: Called Strike
1-1: Ball
2-1: Ball
3-1: Foul Ball, location: 2F
3-2: Base on Balls
Gunner Allen to second
Batting: LHB Al Bartlett 0-0: Called Strike
0-1: Swinging Strike
0-2: Strikes out swinging
Top of the 5th over - 1 run(s), 0 hit(s), 1 error(s), 3 left on base; Villanova 9 - South Carolina 6
BOTTOM OF THE 5TH
South Carolina Gamecocks batting - Pitching for Villanova Wildcats : RHP Miguel Guevara
Batting: RHB John Díaz 0-0: Called Strike
0-1: Ball
1-1: Swinging Strike
1-2: Strikes out swinging passed ball, reaches first!
Batting: RHB Will Jones 0-0: Called Strike
0-1: Ball
1-1: Swinging Strike
1-2: Strikes out looking
Batting: RHB Shawn Gutiérrez 0-0: Ball
1-0: Fly out, F7 (Line Drive, 78M)
Batting: RHB Carl Johnston 0-0: Fly out, F7 (Flyball, 7M)
Bottom of the 5th over - 0 run(s), 0 hit(s), 0 error(s), 1 left on base; Villanova 9 - South Carolina 6
TOP OF THE 6TH
Villanova Wildcats batting - Pitching for South Carolina Gamecocks : LHP Dave Frank
Batting: SHB Harry Goff 0-0: Called Strike
0-1: Ball
1-1: Foul Ball, location: 2F
1-2: Foul Ball, location: 2F
1-2: SINGLE (Groundball, 6MD)
Batting: RHB Mark Hess 0-0: Ball
1-0: Swinging Strike
1-1: Foul Ball, location: 2F
1-2: Foul Ball, location: 2F
1-2: Strikes out swinging
Batting: RHB Tomás Carranza 0-0: Swinging Strike
0-1: Ball
1-1: Ball
2-1: Swinging Strike
2-2: Fly out, F8 (Flyball, 8LM)
Batting: RHB Leonardo Williams 0-0: Called Strike
0-1: Called Strike
0-2: Ball
Harry Goff steals 2nd base
1-2: Foul Ball, location: 2F
1-2: Reached on error, E6 (Groundball, 6)
Harry Goff to third
Pitching: RHP Ray Hall
Batting: RHB Ben Hall 0-0: Called Strike
0-1: Foul Ball, location: 2F
0-2: Ball
1-2: Foul Ball, location: 2F
1-2: Foul Ball, location: 2F
1-2: Ball
Leonardo Williams is caught stealing 2nd base
Top of the 6th over - 0 run(s), 1 hit(s), 1 error(s), 0 left on base; Villanova 9 - South Carolina 6
BOTTOM OF THE 6TH
South Carolina Gamecocks batting - Pitching for Villanova Wildcats : RHP Miguel Guevara
Pitching: RHP Rob McAllister
Batting: RHB José Zúñiga 0-0: Swinging Strike
0-1: Fly out, F7 (Flyball, 78S)
Batting: RHB Josh Baker 0-0: Ball
1-0: Reached on error, E5 (Groundball, 56)
Batting: RHB Doug O'Brien 0-0: Ball
1-0: Foul Ball, location: 2F
1-1: Ball
2-1: Ball
3-1: Base on Balls
Josh Baker to second
Batting: RHB Junior Adams 0-0: Called Strike
0-1: Foul Ball, location: 2F
0-2: Ball
1-2: Strikes out swinging
Batting: RHB Ron Glass 0-0: Foul Ball, location: 2F
0-1: Ball
1-1: Called Strike
1-2: Foul Ball, location: 2F
1-2: Ball
2-2: Strikes out swinging
Bottom of the 6th over - 0 run(s), 0 hit(s), 1 error(s), 2 left on base; Villanova 9 - South Carolina 6
TOP OF THE 7TH
Villanova Wildcats batting - Pitching for South Carolina Gamecocks : RHP Ray Hall
Batting: RHB Ben Hall 0-0: Swinging Strike
0-1: Ball
1-1: SINGLE (Groundball, 34D)
Batting: RHB Keith Walker 0-0: Ball
1-0: Ball
2-0: Called Strike
2-1: SINGLE (Line Drive, 56D)
Ben Hall to second
Batting: RHB Gunner Allen 0-0: Ball
1-0: Fielders Choice at 2nd, 1-6 (Groundball, 13S)
Ben Hall to third
Batting: RHB Ken Craft 0-0: Ball
1-0: Swinging Strike
1-1: Foul Ball, location: 2F
1-2: Ball
2-2: Strikes out swinging
Batting: LHB Al Bartlett 0-0: Foul Ball, location: 2F
0-1: Ball
1-1: Fly out, F7 (Flyball, 7M)
Top of the 7th over - 0 run(s), 2 hit(s), 0 error(s), 2 left on base; Villanova 9 - South Carolina 6
BOTTOM OF THE 7TH
South Carolina Gamecocks batting - Pitching for Villanova Wildcats : RHP Rob McAllister
Batting: RHB John Díaz 0-0: Swinging Strike
0-1: Ball
1-1: Foul Ball, location: 2F
1-2: Strikes out swinging
Batting: RHB Will Jones 0-0: DOUBLE (Popup, 8RS)
Batting: RHB Shawn Gutiérrez 0-0: Called Strike
0-1: Foul Ball, location: 2F
0-2: Strikes out swinging
Batting: RHB Carl Johnston 0-0: Ground out 5-3 (Groundball, 15S)
Bottom of the 7th over - 0 run(s), 1 hit(s), 0 error(s), 1 left on base; Villanova 9 - South Carolina 6
TOP OF THE 8TH
Villanova Wildcats batting - Pitching for South Carolina Gamecocks : RHP Ray Hall
Batting: SHB Harry Goff 0-0: Ball
1-0: Foul Ball, location: 2F
1-1: Foul Ball, location: 2F
1-2: Ball
2-2: Ball
3-2: Strikes out swinging
Batting: RHB Mark Hess 0-0: Fly out, F9 (Flyball, 89S)
Batting: RHB Tomás Carranza 0-0: SINGLE (Flyball, 89S)
Batting: RHB Leonardo Williams 0-0: Ball
Tomás Carranza steals 2nd base
1-0: Ball
2-0: Called Strike
2-1: Fly out, F3 (Popup, 3F)
Top of the 8th over - 0 run(s), 1 hit(s), 0 error(s), 1 left on base; Villanova 9 - South Carolina 6
BOTTOM OF THE 8TH
South Carolina Gamecocks batting - Pitching for Villanova Wildcats : RHP Rob McAllister
Pitching: RHP Jorge Rodríguez
Batting: RHB José Zúñiga 0-0: Ball
1-0: Called Strike
1-1: SINGLE (Groundball, 6M)
Pitching: RHP Bob Cotton
Batting: RHB Josh Baker 0-0: Ball
1-0: Grounds into double play, 5-4-3 (Groundball, 5)
Batting: RHB Doug O'Brien 0-0: Ball
1-0: Foul Ball, location: 2F
1-1: Foul Ball, location: 2F
1-2: Ball
2-2: Ball
3-2: Foul Ball, location: 2F
3-2: Fly out, F7 (Line Drive, 78S)
Bottom of the 8th over - 0 run(s), 1 hit(s), 0 error(s), 0 left on base; Villanova 9 - South Carolina 6
TOP OF THE 9TH
Villanova Wildcats batting - Pitching for South Carolina Gamecocks : RHP Ray Hall
Batting: RHB Ben Hall 0-0: Foul Ball, location: 2F
0-1: Swinging Strike
0-2: Ball
1-2: SINGLE (Groundball, 3L)
Batting: RHB Keith Walker 0-0: Ball
1-0: SINGLE (Line Drive, 56D)
Ben Hall to second
Batting: RHB Gunner Allen 0-0: Called Strike
0-1: Swinging Strike
0-2: Ball
1-2: Strikes out swinging
Pitching: RHP Bill Muñóz
Batting: RHB Ken Craft 0-0: Called Strike
0-1: Ball
1-1: Foul Ball, location: 2F
1-2: Foul Ball, location: 2F
1-2: Ball
2-2: Grounds into double play, 1-6-3 (Groundball, 15)
Top of the 9th over - 0 run(s), 2 hit(s), 0 error(s), 1 left on base; Villanova 9 - South Carolina 6
BOTTOM OF THE 9TH
South Carolina Gamecocks batting - Pitching for Villanova Wildcats : RHP Bob Cotton
Pitching: RHP Royce Saunders
Now at C: Rob Miller
Batting: RHB Junior Adams 0-0: Foul Ball, location: 2F
0-1: Swinging Strike
0-2: Ball
1-2: Strikes out swinging
Batting: RHB Ron Glass 0-0: Called Strike
0-1: Ball
1-1: Swinging Strike
1-2: Strikes out swinging
Batting: RHB John Díaz 0-0: Ball
1-0: Called Strike
1-1: Ball
2-1: Ball
3-1: Base on Balls
Batting: RHB Will Jones 0-0: Ball
1-0: SINGLE (Groundball, 56D) (infield hit)
John Díaz to second
Batting: RHB Shawn Gutiérrez 0-0: Called Strike
0-1: Fielders Choice at 2nd, U6 (Groundball, 6M)
Bottom of the 9th over - 0 run(s), 1 hit(s), 0 error(s), 2 left on base; Villanova 9 - South Carolina 6
This league is powered by Out of the Park Baseball, the baseball management simulation game for PC, Mac and Linux
Wednesday, December 2nd, 2015 - OOTP Baseball 16.8 Build 38